 Dungeon Crawl Stone Soup version 0.30.0-10-gfe55d96785 (webtiles) character file.

Game seed: 16841838943899470407

58 browni3141 the Sneak (level 3, -1/16 HPs)
             Began as a Spriggan Enchanter on May 13, 2023.
             Slain by an orc
             ... wielding a +0 mace
              (6 damage)
             ... on level 2 of the Dungeon.
             The game lasted 00:16:54 (1404 turns).

browni3141 the Sneak (Spriggan Enchanter)           Turns: 1404, Time: 00:16:54

Health: -1/16      AC:  2    Str:  4    XL:     3   Next: 76%
Magic:  8/8        EV: 18    Int: 16    God:
Gold:   40         SH:  0    Dex: 17    Spells: 6/8 levels left

rFire   . . .        a - +1 dagger
rCold   . . .        (no shield)
rNeg    . . .        b - +0 robe
rPois   .            (helmet restricted)
rElec   .            (no cloak)
rCorr   .            (gloves unavailable)
SInv    +            (boots unavailable)
Will    .....        (no amulet)
Stlth   +++          (no ring)
HPRegen 0.22/turn    (no ring)
MPRegen 0.11/turn

%: no passive effects
@: invisible, very quick
A: very small, no large weapons, unfitting armour, see invisible, speed 3
a: no special abilities


You were on level 2 of the Dungeon.
You visited 1 branch of the dungeon, and saw 3 of its levels.

You collected 40 gold pieces.

Inventory:

Hand Weapons
 a - a +1 dagger (weapon)
 q - a +0 whip of holy wrath
Armour
 b - a +0 robe (worn)
 p - a scarf of repulsion
Jewellery
 j - a ring of resist corrosion
 s - a ring of protection from cold
Scrolls
 u - a scroll of fog {unknown}
Potions
 l - a potion of curing {unknown}
 n - 2 potions of brilliance {unknown}
 o - 2 potions of attraction {unknown}
 t - a potion of cancellation {unknown}


   Skills:
 - Level 1.5 Short Blades
 - Level 3.0 Dodging
 - Level 5.0 Stealth
 - Level 3.0 Spellcasting
 * Level 5.0 Hexes


You had 6 spell levels left.
You knew the following spells:

 Your Spells              Type           Power      Damage    Failure   Level
h - Ensorcelled Hibernat  Hex/Ice        20%        N/A       10%         2

Your spell library contained the following spells:

 Spells                   Type           Power      Damage    Failure   Level
 Confusing Touch          Hex            18%        N/A       7%          3
 Tukima's Dance           Hex            18%        N/A       7%          3
 Dazzling Flash           Conj/Hex       20%        N/A       21%         3
 Inner Flame              Hex/Fire       10%        N/A       21%         3
 Portal Projectile        Hex/Tloc       20%        N/A       21%         3
 Flame Wave               Conj/Fire      2%         2d4       88%         4
 Sticky Flame             Conj/Fire      2%         2d3       88%         4
 Blade Hands              Tmut           1%         N/A       99%         5


Dungeon Overview and Level Annotations

Branches:
Dungeon (3/15)

Altars:

Shops:
D:2 [


Innate Abilities, Weirdness & Mutations

You are very small and have problems with some larger weapons.
You are too small for most types of armour.
You have supernaturally acute eyesight. (SInv)
You cover ground extremely quickly. (Speed+++)


Message History

You see here an adder skeleton.
You see here a +0 chain mail.
You start waiting.
An adder is nearby!
The adder misses you. The adder bites you but does no damage.
Aiming: Ensorcelled Hibernation (safe; 10% risk of failure)
Press: ? - help, Q - select action Shift-Dir - straight line, f - adder
Aim: an adder (chance to affect: 52%)
The adder looks drowsy...
You see here a +0 chain mail.
You see here an adder skeleton.
Magic restored.
There is a stone staircase leading down here.
You climb downwards.
There is a stone staircase leading up, spattered with blood here.
o - 2 fuming clear potions (gained 1)
You now have 30 gold pieces (gained 5).
Found a stone staircase leading up.
A goblin comes into view. It is wielding a +0 dagger.
The goblin shouts!
Unknown command.
There is a stone staircase leading up here.
The goblin misses you.
You climb upwards.
There is a stone staircase leading down here.
The goblin barely misses you.
There is a stone staircase leading down here.
You climb downwards.
There is a stone staircase leading up here.
An orc comes into view. It is wielding a +0 falchion.
An orc comes into view. It is wielding a +0 club.
Found a stone staircase leading down.
Found a stone staircase leading down.
The orc shouts!
You hear a shout! x3
You see here 10 gold pieces.
You now have 40 gold pieces (gained 10).
An orc comes into view. It is wielding a +0 mace.
The orc shouts!
You hear a shout!
The orc misses you.
The orc shouts!
You see here a scroll labelled JEACKE AFFITO.
u - a scroll labelled JEACKE AFFITO The orc completely misses you.
The orc hits you but does no damage.
There is a stone staircase leading up here.
An orc comes into view. It is wielding a +0 club.
The orc shouts!
An orc comes into view. It is wielding a +0 dagger.
An orc wizard comes into view. It is wielding a +0 dagger.
The orc hits you with a +0 mace. The orc misses you.
The orc hits you with a +0 mace.
You climb upwards.
The giant cockroach completely misses you.
The giant cockroach barely misses you.
There is a stone staircase leading down here.
The orc hits you with a +0 club. The giant cockroach bites you.
The orc hits you with a +0 mace.
* * * LOW HITPOINT WARNING * * *
The orc misses you. The giant cockroach misses you.
The giant cockroach misses you. The orc completely misses you.
The orc barely misses you. The orc closely misses you.
There is a stone staircase leading down here.
You climb downwards.
The orc misses you. The orc closely misses you.
An orc comes into view. It is wielding a +0 hand axe.
The orc completely misses you. The orc barely misses you. The orc misses you.
The orc moves out of view.
There is a stone staircase leading up here.
Unknown command.
The dart slug launches a dart at you. The slug dart hits you.
* * * LOW HITPOINT WARNING * * *
The orc completely misses you. The orc closely misses you.
The orc misses you. x2
You climb upwards.
The giant cockroach barely misses you. The orc closely misses you. x3
There is a stone staircase leading down here.
Unknown command.
You fade into invisibility!
The giant cockroach barely misses you. The orc misses you.
The orc hits you but does no damage. The orc misses you.
The giant cockroach bites you.
* * * LOW HITPOINT WARNING * * *
The orc completely misses you.
Unknown command.
As you read the scroll labelled ADICUFA HOBRU, it crumbles to dust.
You feel aware of your surroundings.
It was a scroll of magic mapping.
The orc completely misses you. The orc hits you but does no damage.
The orc misses you. The giant cockroach closely misses you. The orc misses you.
The dart slug launches a dart at the orc.
The slug dart hits the giant cockroach.
As you read the scroll labelled OPNIKE PARGH, it crumbles to dust.
It is a scroll of identify.
Really abort (and waste the scroll)? [Y]es or [N]o only, please.
Really abort (and waste the scroll)?
Okay, then.
The orc hits you with a +0 mace.
You die...

#....#
#.##.....#
#..∩)#
#J##.....#
#....#
#.##.....#
#....#
#.##.....#
#....#
#.##..[..#
######
##'##.....#
#..o......#
#...oo#####
#...o@#
#..wBo#
#o...g#
#.....#
#..o..#
##....##
#......#
#......#
#......#


You could see a dart slug (unable to see you), 7 orcs, a giant cockroach
(wandering, unable to see you) and a goblin (unable to see you).

Vanquished Creatures
  Natasha (D:2)
  3 adders (D:2)
  2 endoplasms (D:2)
  A giant cockroach (D:2)
  A goblin (D:2)
  A jackal (D:2)
  A frilled lizard (D:2)
  A rat (D:2)
11 creatures vanquished.

Notes
Turn   | Place    | Note
-------+----------+-------------------------------------------
     0 | D:1      | browni3141 the Spriggan Enchanter began the quest for the
                  | Orb.
     0 | D:1      | Reached XP level 1. HP: 9/9 MP: 5/5
   271 | D:2      | Reached skill level 3 in Dodging
   271 | D:2      | Reached skill level 3 in Spellcasting
   271 | D:2      | Reached XP level 2. HP: 13/13 MP: 7/7
   287 | D:2      | Learned a level 2 spell: Ensorcelled Hibernation
   503 | D:2      | Found Oshukkej's Antique Armour Shoppe.
   735 | D:2      | Noticed Natasha
   741 | D:2      | Killed Natasha
   742 | D:2      | Reached XP level 3. HP: 10/16 MP: 1/8
  1404 | D:2      | Slain by an orc

Illustrated notes

Levels and vault maps discovered:
D:1:      shiori_shiawase, layout_rooms, reono_crystal_passage,
          minmay_tromino_v4_b
D:2:      layout_basic, serial_shops, shop, uniq_natasha
D:3:      layout_rooms, dilly_ecumenical_altar_fadedgnrine, kennysheep_potato

Skill      XL: |  1  2  3 |
---------------+----------+-----
Dodging        | 3 |  3.0
Spellcasting   | 3 |  3.0
Hexes          | 4 5 |  5.0
Stealth        | 5 |  5.0
Short Blades   | |  1.5

Action                     || total
---------------------------++-------
  Melee: Dagger            ||    34
   Cast: Ensorcelled Hiber ||    19
    Use: Potion            ||     4
         Scroll            ||     2
   Stab: Invisible         ||     1
         Sleeping          ||     5
 Armour: Robe              ||    17
  Dodge: Dodged            ||   122
